 Dungeon Crawl Stone Soup version 0.23.2-40-g277498a001 (webtiles) character file.

Game seed: 15049057046911498130

221 Curus the Changer (level 5, -1/37 HPs)
             Began as a Merfolk Transmuter on Sept 29, 2019.
             Slain by a hound (4 damage)
             ... on level 4 of the Dungeon.
             The game lasted 00:11:32 (3241 turns).

Curus the Changer (Merfolk Transmuter)              Turns: 3241, Time: 00:11:33

Health: -1/37      AC:  2    Str: 11    XL:     5   Next: 98%
Magic:  7/8        EV: 21    Int: 13    God:
Gold:   89         SH:  0    Dex: 19    Spells: 4/8 levels left

rFire    . . .     SeeInvis .     - Unarmed
rCold    . . .     Gourm    .   (shield currently unavailable)
rNeg     . . .     Faith    .   (armour currently unavailable)
rPois    x         Spirit   .   (helmet currently unavailable)
rElec    .         Reflect  .   (cloak currently unavailable)
rCorr    .         Harm     .   (gloves currently unavailable)
MR       .....                  (boots currently unavailable)
Stlth    ++........             c - amulet of rage
HPRegen  0.12/turn              (no ring)
MPRegen  0.11/turn              (no ring)

@: spider-form
A: tiny, (change form in water), (swift swim), (stealthy swim), high mp 1, wild
magic 1, MP-powered wands
a: End Transformation, Evoke Berserk Rage


You were on level 4 of the Dungeon.
You were hungry.
You were a venomous arachnid creature.
You visited 1 branch of the dungeon, and saw 4 of its levels.

You collected 89 gold pieces.

Inventory:

Missiles
 a - 48 arrows
Armour
 b - a +0 robe (melded)
Jewellery
 c - an amulet of rage (around neck)
Scrolls
 e - 3 scrolls of remove curse
 g - a scroll of blinking
 i - a scroll of identify
Comestibles
 d - 6 rations


   Skills:
 - Level 1.1 Fighting
 - Level 2.6 Dodging
 - Level 4.5 Unarmed Combat
 - Level 2.0 Spellcasting
 + Level 5.3 Transmutations
 + Level 3.5 Poison Magic


You had 4 spell levels left.
You knew the following spells:

 Your Spells              Type           Power        Failure   Level  Hunger
a - Beastly Appendage     Tmut           ###...       16%         1    ##.....
b - Spider Form           Tmut/Pois      ###.......   38%         3    ####...

Your spell library contained the following spells:

 Spells                   Type           Power        Failure   Level  Hunger
 Sticks to Snakes         Tmut           ###.....     19%         2    ###....
 Ice Form                 Ice/Tmut       ##......     88%         4    #####..
 Blade Hands              Tmut           ###.......   87%         5    ######.


Dungeon Overview and Level Annotations

Branches:
Dungeon (4/15)
 Temple: D:4-7

Altars:
Qazlal
Trog
Wu Jian
The Shining One


Innate Abilities, Weirdness & Mutations

((You revert to your normal form in water))
((You are very nimble and swift while swimming.))
((You are very stealthy in the water. (Stealth+)))
((You are partially covered in molten scales. (AC +2)))
((Your flesh is cold resistant. (rC+)))
((Your flesh is heat resistant. (rF+)))
You have an increased reservoir of magic. (+10% MP)
Your spells are a little harder to cast, but a little more powerful.
You expend magic power (3 MP) to strengthen your wands.


Message History

You hit the hound.
The hound is poisoned.
The hound is moderately wounded.
The hound bites you.
* * * LOW HITPOINT WARNING * * *
The gnoll barely misses you. The gnoll hits you.
* * * LOW HITPOINT WARNING * * *
The hound misses you. The hound misses you.
An orc comes into view. It is wielding a +0 dagger.
The hound barely misses you.
The hound stops to sniff the ground.
The hound completely misses you. The hound bites you.
* * * LOW HITPOINT WARNING * * *
You feel better. The hound bites you.
* * * LOW HITPOINT WARNING * * *
The hound barely misses you. The hound completely misses you.
The hound bites you.
You die...

........§.§§.....#
....#..##...#####
. #g.#........#
#g.#........#
#..#........#
'..#........#
o#..##...###+#
?#####...##
##+###..sh....#
#.......#.>...+
#.......#.....#
#...##..##....#
##...###########
#........#
#........+
#....##..#
#....##..#


You could see a hound.

Vanquished Creatures
  An ogre (D:4)
  A gnoll (D:4)
  3 adders
  5 worms
  3 dart slugs
  3 leopard geckos
  4 orcs (D:3)
  4 giant cockroaches
  6 goblins
  8 hobgoblins
  10 jackals
  2 quokkas
  A ball python (D:2)
  3 bats
  2 frilled lizards (D:1)
  8 kobolds
  11 rats
75 creatures vanquished.

Notes
Turn   | Place    | Note
-------+----------+-------------------------------------------
     0 | D:1      | Curus the Merfolk Transmuter began the quest for the Orb.
     0 | D:1      | Reached XP level 1. HP: 15/15 MP: 3/3
   226 | D:1      | Reached XP level 2. HP: 16/21 MP: 5/5
   565 | D:1      | Reached XP level 3. HP: 26/26 MP: 6/6
   570 | D:1      | Learned a level 3 spell: Spider Form
   990 | D:2      | Reached skill level 3 in Transmutations
  1121 | D:2      | Reached skill level 1 in Poison Magic
  1128 | D:2      | Gained mutation: You expend magic power (3 MP) to
                  | strengthen your wands. [potion of mutation]
  1128 | D:2      | Gained mutation: You are partially covered in molten
                  | scales. (AC +2) [potion of mutation]
  1128 | D:2      | Gained mutation: You are dopey. (Int -2) [potion of
                  | mutation]
  1128 | D:2      | Gained mutation: Your flesh is heat resistant. (rF+)
                  | [potion of mutation]
  1494 | D:2      | Reached XP level 4. HP: 23/32 MP: 5/7
  1528 | D:2      | Found a glowing golden altar of the Shining One.
  1842 | D:1      | Lost mutation: You are dopey. (Int -2) [potion of mutation]
  1842 | D:1      | Gained mutation: Your flesh is cold resistant. (rC+)
                  | [potion of mutation]
  1842 | D:1      | Gained mutation: Your spells are a little harder to cast,
                  | but a little more powerful. [potion of mutation]
  1842 | D:1      | Gained mutation: You have an increased reservoir of magic.
                  | (+10% MP) [potion of mutation]
  2435 | D:3      | Reached skill level 4 in Transmutations
  2703 | D:3      | Found a bloodstained altar of Trog.
  2844 | D:3      | Found an ornate altar of the Wu Jian Council.
  2896 | D:3      | Reached XP level 5. HP: 20/37 MP: 8/8
  3057 | D:4      | Noticed an ogre
  3066 | D:4      | Killed an ogre
  3066 | D:4      | Reached skill level 5 in Transmutations
  3219 | D:4      | Found a stormy altar of Qazlal.
  3235 | D:4      | HP: 1/37 [hound (4)]
  3241 | D:4      | Slain by a hound

Skill      XL: |  1  2  3  4  5 |
---------------+----------------+-----
Unarmed Combat | 4 |  4.5
Transmutations | 3 4 5 |  5.3
Poison Magic   | 1 2 3 |  3.5
Fighting       | |  1.1
Dodging        | |  2.6
Spellcasting   | |  2.0

Action                   |  1- 3 |  4- 6 || total
-------------------------+-------+-------++-------
Melee: Unarmed           |   149 |   141 ||   290
       Headbutt          |     4 |     3 ||     7
       Punch             |     2 |     2 ||     4
 Cast: Beastly Appendage |    11 |     5 ||    16
       Spider Form       |       |     5 ||     5
  Use: Potion            |     5 |     3 ||     8
       Scroll            |     3 |     2 ||     5
 Stab: Sleeping          |     2 |     1 ||     3
  Eat: Chunk             |     2 |     6 ||     8
Armor: Robe              |    19 |    27 ||    46
       Skin              |       |     3 ||     3
Dodge: Dodged            |   111 |    95 ||   206
